 Dungeon Crawl Stone Soup version 0.26-a0-540-g8a0c9464d7 (webtiles) character file.

Game seed: 13325092732663912852

89 kae the Ruffian (level 4, 0/36 HPs)
             Began as a Draconian Transmuter on Aug 23, 2020.
             Succumbed to a worker ant's poison
             ... on level 4 of the Dungeon.
             The game lasted 00:02:06 (1453 turns).

kae the Ruffian (Draconian Transmuter)              Turns: 1453, Time: 00:02:06

Health: 0/36       AC:  5    Str: 14    XL:     4   Next: 31%
Magic:  6/7        EV: 12    Int: 13    God:
Gold:   55         SH:  0    Dex: 11    Spells: 7/8 levels left

rFire    . . .     SeeInvis .     - Unarmed
rCold    . . .     Faith    .   (no shield)
rNeg     . . .     Spirit   .   (armour unavailable)
rPois    .         Reflect  .   (helmet restricted)
rElec    .         Harm     .   (no cloak)
rCorr    .                      (no gloves)
MR       .....                  (no boots)
Stlth    +.........             (no amulet)
HPRegen  0.12/turn              (no ring)
MPRegen  0.10/turn              (no ring)

@: lethally poisoned (0 -> -3)
A: unfitting armour, cold-blooded, AC +5
a: no special abilities


You were on level 4 of the Dungeon.
You visited 1 branch of the dungeon, and saw 3 of its levels.

You collected 55 gold pieces.

Inventory:

Scrolls
 c - a scroll of remove curse


   Skills:
 + Level 2.2 Fighting
 - Level 1.7 Dodging
 * Level 4.0 Unarmed Combat
 + Level 2.5 Spellcasting
 + Level 2.6 Transmutations


You had 7 spell levels left.
You knew the following spells:

 Your Spells              Type           Power        Failure   Level
a - Beastly Appendage     Tmut           #.....       8%          1

Your spell library contained the following spells:

 Spells                   Type           Power        Failure   Level
 Wereblood                Tmut           #.......     12%         2
 Spider Form              Tmut/Pois      #.........   38%         3
 Ice Form                 Ice/Tmut       #.......     80%         4
 Blade Hands              Tmut           #.........   91%         5


Dungeon Overview and Level Annotations

Branches:
Dungeon (2/15)

Altars:
Dithmenos

Annotations:
D:4 Purgy


Innate Abilities, Weirdness & Mutations

Your plain brown scales are hard. (AC +5)
You cannot fit into any form of body armour.
You are cold-blooded and may be slowed by cold attacks.


Message History

You barely miss the worker ant. The worker ant closely misses you.
You hit the worker ant but do no damage.
The worker ant bites you.
You are poisoned.
The worker ant poisons you!
You completely miss the worker ant.
You feel sick. The worker ant barely misses you.
You hit the worker ant but do no damage.
You tail-slap the worker ant, but do no damage.
The worker ant bites you but does no damage.
You hit the worker ant but do no damage.
You feel sick. The worker ant bites you.
* * * LOW HITPOINT WARNING * * *
You hit the worker ant but do no damage.
The worker ant bites you.
* * * LOW HITPOINT WARNING * * *
Your magical contamination has completely faded away.
You hit the worker ant.
The worker ant is moderately wounded.
You die...

##.....##
#[...##
##.a...#
##..####.#
#..## #.#
##.## ...
#.## .#.
#a# # #@#
###


You could see a worker ant.

Vanquished Creatures
  2 orc wizards (D:4)
  A worm (D:2)
  3 dart slugs (D:1)
  2 orcs (D:4)
  A giant cockroach (D:1)
  A hobgoblin (D:1)
  3 jackals (D:2)
  4 bats (D:1)
  A frilled lizard (D:1)
  A goblin (D:1)
  2 kobolds (D:2)
  4 rats (D:1)
25 creatures vanquished.

Notes
Turn   | Place    | Note
-------+----------+-------------------------------------------
     0 | D:1      | kae the Draconian Transmuter began the quest for the Orb.
     0 | D:1      | Reached XP level 1. HP: 16/16 MP: 3/3
   467 | D:1      | Reached XP level 2. HP: 23/23 MP: 3/5
  1245 | D:2      | Found a shadowy altar of Dithmenos.
  1262 | D:2      | Reached XP level 3. HP: 29/29 MP: 6/6
  1294 | D:2      | You fall into a shaft and drop 2 floors!
  1301 | D:4      | Reached skill level 4 in Unarmed Combat
  1301 | D:4      | Reached XP level 4. HP: 36/36 MP: 7/7
  1379 | D:4      | Noticed Purgy
  1452 | D:4      | HP: 1/36 [worker ant (5)]
  1453 | D:4      | Succumbed to a worker ant's poison

Illustrated notes

Levels and vault maps discovered:
D:1:      enne_arrival_octagon_isle, layout_basic
D:2:      layout_basic, nicolae_dithmenos_shadow_blocks
D:4:      layout_layer_cave, overflow_temple_1_default,
          gammafunk_ghost_gnarly_gnolls, palyth_stone_intersect, uniq_purgy

Skill      XL: |  1  2  3 |
---------------+----------+-----
Fighting       | 2 |  2.2
Unarmed Combat | 4 |  4.0
Dodging        | |  1.7
Spellcasting   | |  2.5
Transmutations | |  2.6

Action                   |  1- 3 |  4- 6 || total
-------------------------+-------+-------++-------
Melee: Unarmed           |    61 |    20 ||    81
       Kick              |    10 |     3 ||    13
       Tailslap          |     5 |     1 ||     6
       Headbutt          |     4 |     1 ||     5
 Cast: Beastly Appendage |    11 |     1 ||    12
  Use: Scroll            |     4 |       ||     4
       Potion            |     1 |     1 ||     2
Armor: Skin              |    30 |     2 ||    32
Dodge: Dodged            |    48 |    11 ||    59

Table legend: (Time is in decaauts)
 A = Elapsed time spent in this place.
 B = Non-inter-level travel time spent in this place.
 C = Inter-level travel time spent in this place.
 D = Time resting spent in this place.
 E = Time spent auto-exploring this place.
 F = Levels seen in this place.
 G = Mean time per level.
                   A        B        C        D        E       F      G
               +--------+--------+--------+--------+--------+-----+--------+
         Total |   1428 |   1401 |     27 |    187 |    954 |   3 |  476.0 |
       Dungeon |   1428 |   1401 |     27 |    187 |    954 |   3 |  476.0 |
               +--------+--------+--------+--------+--------+-----+--------+

Top non-repeatable levels by time:
     D:1: 1216 daAuts
     D:4: 137 daAuts
     D:2: 75 daAuts
